 Dungeon Crawl Stone Soup version 0.30-a0-250-g41c1d76940 (webtiles) character file.

Game seed: 4679987418189722581

401 NinjaNoafa the Ruffian (level 6, -4/61 HPs)
             Began as a Troll Monk on Oct 12, 2022.
             Was a Believer of Nemelex Xobeh.
             Killed by divine providence
             ... invoked by an orc priest
              (13 damage)
             ... on level 5 of the Dungeon.
             The game lasted 00:07:38 (2791 turns).

NinjaNoafa the Ruffian (Troll Monk)                 Turns: 2791, Time: 00:07:41

Health: -4/61      AC:  5    Str: 22    XL:     6   Next: 54%
Magic:  20/20      EV:  7    Int:  6    God:    Nemelex Xobeh [**....]
Gold:   163        SH: 10    Dex: 12    Spells: 5/5 levels left

rFire   + . .      SeeInvis .      - Unarmed
rCold   + . .      Faith    +    o - +0 tower shield
rNeg    . . .      Spirit   .    a - +0 robe
rPois   +          Reflect  .    m - +1 hat
rElec   +          Harm     .    (no cloak)
rCorr   +          Rampage  .    (gloves unavailable)
Will    .....                    (boots unavailable)
Stlth   ++........               n
                                   - Hermit's Pendant {Faith Invo=14 Evo=0 MP+5}
HPRegen 1.10/turn                (no ring)
MPRegen 0.17/turn                (no ring)

@: mighty, resistant, elixired, hasted, very quick
A: large, unfitting armour, claws 3, regeneration 1, shaggy fur 1, tough skin 1
a: Renounce Religion, Draw Escape, Draw Destruction, Draw Summoning


You were on level 5 of the Dungeon.
You worshipped Nemelex Xobeh.
Nemelex Xobeh was pleased with you.
You visited 2 branches of the dungeon, and saw 6 of its levels.

You collected 163 gold pieces.

Inventory:

Missiles
 h - 40 stones (quivered)
 l - 6 large rocks
 s - a boomerang
 u - 4 poisoned darts
Armour
 a - a +0 robe (worn)
 c - the +3 kite shield of the Slug {rPois}
   (You acquired it on level 5 of the Dungeon)

   rPois:     It protects you from poison.
 m - a +1 hat (worn)
 o - a +0 tower shield (worn)
Jewellery
 n - the Hermit's Pendant (around neck) {Faith Invo=14 Evo=0 MP+5}
   (You took it off a hobgoblin on level 2 of the Dungeon)

   [amulet of faith]

   It sets your invocations skill to 14 and your evocations skill to 0.
   It allows you to gain divine favour quickly.
   MP:        It affects your magic capacity (+5).
 y - an amulet of reflection
Wands
 r - a wand of charming (5)
 t - a wand of acid (12)
Scrolls
 j - a scroll of poison
 v - 2 scrolls of teleportation
 x - 2 scrolls of noise
Potions
 i - 2 potions of berserk rage {unknown}
 q - a potion of brilliance {unknown}
 w - a potion of flight
 z - a potion of lignification


   Skills:
 - Level 3.0 Fighting
 - Level 3.0 Dodging
 - Level 1.0 Stealth
 + Level 6.8 Unarmed Combat


You had 5 spell levels left.
You didn't know any spells.
Your spell library contained the following spells:

 Spells                   Type           Power      Damage    Failure   Level
 Kiss of Death            Conj/Necr      0%         2d5       99%         1
 Magic Dart               Conj           0%         1d3       99%         1
 Summon Small Mammal      Summ           0%         N/A       99%         1
 Blink                    Tloc           0%         N/A       100%        2
 Call Imp                 Summ           0%         N/A       100%        2
 Ensorcelled Hibernation  Hex/Ice        0%         N/A       100%        2
 Momentum Strike          Conj/Tloc      0%         3d8       100%        2
 Call Canine Familiar     Summ           0%         N/A       100%        3
 Confusing Touch          Hex            0%         N/A       100%        3
 Ignite Poison            Fire/Tmut/Pois 0%         N/A       100%        3
 Kindle Blastsparks       Fire/Tloc/Air  0%         2d10      100%        3
 Lesser Beckoning         Tloc           0%         N/A       100%        3
 Mephitic Cloud           Conj/Pois/Air  0%         N/A       100%        3
 Spider Form              Tmut/Pois      0%         N/A       100%        3
 Summon Guardian Golem    Hex/Summ       0%         N/A       100%        3
 Anguish                  Hex/Necr       0%         N/A       100%        4
 Dispel Undead            Necr           0%         3d6       100%        4
 Freezing Cloud           Conj/Ice/Air   0%         6-21      100%        5


Dungeon Overview and Level Annotations

Branches:
Dungeon (5/15)             Temple (1/1) D:4

Altars:
Dithmenos
Elyvilon
Fedhas
Gozag
Kikubaaqudgha
Nemelex Xobeh
Okawaru
Qazlal
Ru
Trog
Uskayaw
Vehumet
Yredelemnul
Zin
The Shining One


Innate Abilities, Weirdness & Mutations

You are too large for most types of armour.
You have claws for hands.
Your natural rate of healing is unusually fast.
You are covered in fur. (AC +1)
You have tough skin. (AC +1)


Message History

It was a potion of might.
You feel very mighty all of a sudden. You block the ice beast's attack.
The orc hits your butterfly with a +0 whip.
Your butterfly dies!
Your butterfly disappears in a burst of colours!
The orc priest calls down the wrath of Beogh upon you.
Beogh smites you!
* * * LOW HITPOINT WARNING * * *
The orc hits you with a +0 dagger.
* * * LOW HITPOINT WARNING * * *
The howler monkey hoots and howls with incredible vigour!
You hear an angry hiss.
You draw a card...
You have drawn the Elixir.
You begin rapidly regenerating health and magic.
Your butterfly disappears in a burst of colours!
The orc hits you with a +0 dagger.
* * * LOW HITPOINT WARNING * * *
The ice beast hits you.
* * * LOW HITPOINT WARNING * * *
The ice beast freezes you. You resist.
* * * LOW HITPOINT WARNING * * *
The orc completely misses your butterfly.
You block the orc priest's attack.
You closely miss the ice beast.
The ice beast is severely wounded.
You block the howler monkey's attack.
You barely miss the ice beast.
The ice beast is severely wounded.
You block the ice beast's attack.
The orc hits your butterfly with a +0 whip.
Your butterfly dies!
Your butterfly disappears in a burst of colours!
The orc priest calls down the wrath of Beogh upon you.
Pain shoots through your body!
* * * LOW HITPOINT WARNING * * *
The orc priest mumbles some strange prayers to Beogh against you.
Beogh smites you!
You die...
Your body glows slightly and disappears.

#.# ....
###.####....
#.#.$........
##...b........
#......b......
##....bob...b..
##.#...>.#.o....
##..#boho##......
#.....@Y..b.b....
###bb.bobbb......
#....b##b........
##..b.##....###...
#.....##..bb.# ..
#...b.##..).....
#.....##.........
####..####...##...
#### ##### ...


You could see an ice beast (ally target), a howler monkey (catching breath), 2
orc priests and 2 orcs.

Vanquished Creatures
  A black bear (D:4)
  2 hounds (D:4)
  3 orc wizards
  Natasha (twice) (D:2)
  A gnoll (D:1)
  4 adders
  An ufetubus (D:4)
  3 dart slugs
  9 orcs
  2 bats
  2 endoplasms
  3 giant cockroaches
  8 goblins
  6 hobgoblins
  3 quokkas
  8 ball pythons
  3 frilled lizards
  7 kobolds
  3 rats
71 creatures vanquished.

Notes
Turn   | Place    | Note
-------+----------+-------------------------------------------
     0 | D:1      | NinjaNoafa the Troll Monk began the quest for the Orb.
     0 | D:1      | Reached XP level 1. HP: 22/22 MP: 0/0
   106 | D:1      | Reached XP level 2. HP: 22/29 MP: 1/1
   298 | D:1      | Reached XP level 3. HP: 36/36 MP: 2/2
   453 | D:2      | Noticed Natasha
   463 | D:2      | Killed Natasha
   572 | D:2      | Reached XP level 4. HP: 45/45 MP: 3/3
   599 | D:2      | Reached skill level 4 in Unarmed Combat
  1066 | D:2      | Noticed Natasha
  1074 | D:2      | Killed Natasha
  1146 | D:3      | You fall into a shaft and drop 1 floor!
  1218 | D:4      | Reached skill level 5 in Unarmed Combat
  1218 | D:4      | Reached XP level 5. HP: 48/53 MP: 13/13
  1404 | D:4      | Found a hide-covered altar of Uskayaw.
  1405 | D:4      | Noticed a black bear
  1413 | D:4      | Killed a black bear
  1414 | D:4      | Reached skill level 6 in Unarmed Combat
  1414 | D:4      | Reached XP level 6. HP: 52/61 MP: 15/15
  1592 | D:4      | Found a staircase to the Ecumenical Temple.
  1598 | Temple   | Entered the Ecumenical Temple
  1849 | Temple   | Became a worshipper of Nemelex Xobeh the Trickster
  1849 | Temple   | Reached * piety under Nemelex Xobeh
  1849 | Temple   | Received a gift from Nemelex Xobeh
  1849 | Temple   | Reached ** piety under Nemelex Xobeh
  2107 | D:3      | Found a radiant altar of Vehumet.
  2750 | D:5      | Entered Level 5 of the Dungeon
  2764 | D:5      | Noticed an ice beast
  2774 | D:5      | Identified a scroll of acquirement
  2774 | D:5      | Acquired the +3 kite shield of the Slug {rPois}
  2791 | D:5      | Killed from afar by an orc priest

Illustrated notes

Levels and vault maps discovered:
D:1:      saegor_arrival_simple_a, layout_rooms
D:2:      layout_basic, minmay_misc_feat_pillars, minmay_heptomino_l4,
          uniq_natasha
D:3:      layout_loops_ring, nicolae_vehumet_altar_sigil
D:4:      layout_basic, old_standard_altar, minmay_temple_entry_enclosed_plants
D:5:      layout_cave_pools, minivault_5
Temple:   hellmonk_temple_forest_ring

Skill      XL: |  1  2  3  4  5 |
---------------+----------------+-----
Dodging        | 3 |  3.0
Fighting       | 3 |  3.0
Unarmed Combat | 5 6 |  6.8
Stealth        | |  1.0

Action                   |  1- 3 |  4- 6 || total
-------------------------+-------+-------++-------
Melee: Unarmed           |    52 |   126 ||   178
Invok: Draw Escape       |       |     1 ||     1
  Use: Scroll            |       |     8 ||     8
       Potion            |       |     4 ||     4
 Stab: Sleeping          |     3 |     2 ||     5
Armor: Robe              |    15 |    43 ||    58
Dodge: Dodged            |    24 |    38 ||    62
Block: Tower shield      |       |    49 ||    49

Table legend: (Time is in decaauts)
 A = Elapsed time spent in this place.
 B = Non-inter-level travel time spent in this place.
 C = Inter-level travel time spent in this place.
 D = Time resting spent in this place.
 E = Time spent auto-exploring this place.
 F = Levels seen in this place.
 G = Mean time per level.
                   A        B        C        D        E       F      G
               +--------+--------+--------+--------+--------+-----+--------+
         Total |   2801 |   2548 |    253 |      0 |   1893 |   6 |  466.8 |
       Dungeon |   2541 |   2388 |    153 |      0 |   1755 |   5 |  508.2 |
        Temple |    259 |    159 |    100 |      0 |    138 |   1 |  259.0 |
               +--------+--------+--------+--------+--------+-----+--------+

Top non-repeatable levels by time:
     D:3: 753 daAuts
     D:2: 713 daAuts
     D:4: 615 daAuts
     D:1: 417 daAuts
  Temple: 259 daAuts
     D:5: 40 daAuts
